 Dungeon Crawl Stone Soup version 0.30.1-4-g462c640d31 (webtiles) character file.

Game seed: 272616447727635750

86 LynnLen the Sneak (level 4, -9/21 HPs)
             Began as a Spriggan Enchanter on Aug 21, 2023.
             Killed by divine providence
             ... invoked by an orc priest
              (16 damage)
             ... on level 2 of the Dungeon.
             The game lasted 00:08:32 (2383 turns).

LynnLen the Sneak (Spriggan Enchanter)              Turns: 2383, Time: 00:08:32

Health: -9/21      AC:  2    Str:  4    XL:     4   Next: 26%
Magic:  9/9        EV: 17    Int: 18    God:
Gold:   91         SH:  0    Dex: 15    Spells: 7/9 levels left

rFire   . . .        i - +4 dagger (flame)
rCold   . . .        (no shield)
rNeg    . . .        b - +0 robe
rPois   .            (helmet restricted)
rElec   .            (no cloak)
rCorr   +            (gloves unavailable)
SInv    +            (boots unavailable)
Will    .....        (no amulet)
Stlth   +++          k - ring of flight
HPRegen 0.23/turn    f - ring of resist corrosion
MPRegen 0.11/turn

%: no passive effects
@: flying, very quick
A: very small, no large weapons, unfitting armour, see invisible, speed 3
a: no special abilities


You were on level 2 of the Dungeon.
You visited 1 branch of the dungeon, and saw 3 of its levels.

You collected 91 gold pieces.

Inventory:

Hand Weapons
 i - a +4 dagger of flaming (weapon)
Armour
 b - a +0 robe (worn)
Jewellery
 f - a ring of resist corrosion (right hand)
 k - a ring of flight (left hand)
Scrolls
 j - a scroll of amnesia {unknown}
Potions
 a - a potion of flight {unknown}
 c - 2 potions of invisibility
 d - a potion of might {unknown}
 e - a potion of heal wounds {unknown}
 g - 2 potions of degeneration {unknown}
 h - a potion of brilliance {unknown}
 l - a potion of resistance {unknown}
 m - a potion of haste {unknown}


   Skills:
 + Level 0.9 Fighting
 * Level 2.3 Short Blades
 + Level 3.1 Dodging
 + Level 5.0 Stealth
 + Level 3.2 Spellcasting
 * Level 4.3 Hexes
 + Level 0.5 Ice Magic


You had 7 spell levels left.
You knew the following spells:

 Your Spells              Type           Power      Damage    Failure   Level
a - Ensorcelled Hibernat  Hex/Ice        22%        N/A       9%          2

Your spell library contained the following spells:

 Spells                   Type           Power      Damage    Failure   Level
 Confusing Touch          Hex            18%        N/A       9%          3
 Tukima's Dance           Hex            18%        N/A       9%          3
 Dazzling Flash           Conj/Hex       20%        N/A       21%         3
 Lesser Beckoning         Tloc           4%         N/A       24%         2
 Gell's Gravitas          Tloc           2%         N/A       43%         3
 Teleport Other           Tloc           2%         N/A       43%         3


Dungeon Overview and Level Annotations

Branches:
Dungeon (3/15)

Altars:


Innate Abilities, Weirdness & Mutations

You are very small and have problems with some larger weapons.
You are too small for most types of armour.
You have supernaturally acute eyesight. (SInv)
You cover ground extremely quickly. (Speed+++)


Message History

Aiming: Ensorcelled Hibernation (safe; 9% risk of failure)
Press: ? - help, Q - select action Shift-Dir - straight line, f/p - orc priest
Aim: an orc priest, wielding a +0 war axe and wearing a +0 scale mail (chance to affect: 45%)
The orc priest resists with some effort.
The orc priest misses you. The orc closely misses you.
Aiming: Ensorcelled Hibernation (safe; 9% risk of failure)
Press: ? - help, Q - select action Shift-Dir - straight line, f/p - orc priest
Aim: an orc priest, wielding a +0 war axe and wearing a +0 scale mail (chance to affect: 45%)
The orc priest resists with some effort.
The orc priest misses you. The orc completely misses you.
Aiming: Ensorcelled Hibernation (safe; 9% risk of failure)
Press: ? - help, Q - select action Shift-Dir - straight line, f/p - orc priest
Aim: an orc priest, wielding a +0 war axe and wearing a +0 scale mail (chance to affect: 45%)
The orc priest resists with some effort.
The orc priest barely misses you. The orc hits you with a +0 hand axe.
You don't have enough magic to cast this spell.
You don't have enough magic to cast this spell.
Unknown command.
The orc priest begins to cast a cantrip, but forgets the words!
There is a stone staircase leading up here.
You fly upwards.
There is a stone staircase leading down here.
You start resting.
Magic restored.
You start waiting.
Done waiting.
You fly downwards.
There is a stone staircase leading up here.
The orc closely misses you.
You hit the orc but do no damage.
The orc priest mumbles some strange prayers to Beogh against you.
Beogh smites you!
Ouch! That really hurt!
The orc hits you with a +0 hand axe.
* * * LOW HITPOINT WARNING * * *
You hit the orc but do no damage.
The orc priest invokes the aid of Beogh against you.
Beogh smites you!
Ouch! That really hurt!
You die...

#..).............
#...########.>... #...#
#o.... ##### ##.... #o...
########## #.##.
#........###########o...
#........o.o..........>.
#....<.@.###########....
#........#############..
#.......................
#........###......###.#.
###........###..........#.
#...................######
#...................# ##
#...........##......#####.
#...........#.).....#))#..


You could see an orc priest and an orc.

Vanquished Creatures
  An iguana (D:2)
  3 adders (D:2)
  A bat (D:2)
  3 endoplasms
  A giant cockroach (D:2)
  6 goblins
  3 hobgoblins
  7 ball pythons (D:1)
  2 kobolds (D:2)
  5 rats
32 creatures vanquished.

Notes
Turn   | Place    | Note
-------+----------+-------------------------------------------
     0 | D:1      | LynnLen the Spriggan Enchanter began the quest for the Orb.
     0 | D:1      | Reached XP level 1. HP: 9/9 MP: 5/5
   373 | D:1      | Reached XP level 2. HP: 8/13 MP: 6/6
   499 | D:1      | Learned a level 2 spell: Ensorcelled Hibernation
  1366 | D:2      | Reached XP level 3. HP: 17/17 MP: 6/8
  1898 | D:2      | Reached XP level 4. HP: 21/21 MP: 9/9
  1948 | D:2      | Reached skill level 5 in Stealth
  2383 | D:2      | Killed from afar by an orc priest

Illustrated notes

Levels and vault maps discovered:
D:1:      mrwooster_arrival_statue_3, layout_loops_corners
D:2:      layout_rooms, supply_closet_lemuel
D:3:      layout_basic

Skill      XL: |  1  2  3  4 |
---------------+-------------+-----
Short Blades   | 2 |  2.3
Dodging        | 3 |  3.1
Spellcasting   | 3 |  3.2
Hexes          | 4 |  4.3
Stealth        | 5 |  5.0
Fighting       | |  0.9
Ice Magic      | |  0.5

Action                     |  1- 3 |  4- 6 || total
---------------------------+-------+-------++-------
  Melee: Dagger            |    66 |    11 ||    77
         Punch             |     1 |       ||     1
   Cast: Ensorcelled Hiber |     5 |     5 ||    10
    Use: Scroll            |     5 |     1 ||     6
   Stab: Sleeping          |    12 |     1 ||    13
 Armour: Robe              |     3 |     1 ||     4
  Dodge: Dodged            |    47 |    12 ||    59
